 Dungeon Crawl Stone Soup version 0.31-a0-948-gf5be29c462 (webtiles) character file.

Game seed: 17117046369607051215

814 Azuregosa the Covert (level 7, 0/46 HPs)
             Began as an Octopode Delver on Oct 21, 2023.
             Was a Believer of Vehumet.
             Splashed by a jelly's acid (5 damage)
             ... on level 5 of the Dungeon.
             The game lasted 00:17:49 (4496 turns).

Azuregosa the Covert (Octopode Delver)              Turns: 4496, Time: 00:17:50

Health: 0/46       AC: -11   Str: 11    XL:     7   Next: 93%
Magic:  13/13      EV: 18    Int: 14    God:    Vehumet [**....]
Gold:   265        SH:  0    Dex: 14    Spells: 12/14 levels left

rFire   . . .        k - +4 dagger (pain)
rCold   + . .        (no shield)
rNeg    . . .        (helmet restricted)
rPois   .            (no amulet)
rElec   .            D - +5 ring of evasion
rCorr   .            E - ring of protection from cold
SInv    .            J - ring of wizardry
Will    .....        (no ring)
Stlth   +++++        (no ring)
HPRegen 0.27/turn    (no ring)
MPRegen 0.13/turn    (no ring)
                     (no ring)

%: wizardry (x1)
@: corroded
A: almost no armour, amphibious, 8 rings, camouflage 1, gelatinous body 1,
(nimble swimmer 1), tentacles
a: Renounce Religion


You were on level 5 of the Dungeon.
You worshipped Vehumet.
Vehumet was pleased with you.
You visited 2 branches of the dungeon, and saw 7 of its levels.

You collected 265 gold pieces.

Inventory:

Hand Weapons
 a - a +0 short sword
 k - a +4 dagger of pain (weapon)
 l - a +1 dagger of holy wrath
 m - a +3 dagger of draining
 r - a +0 spear of freezing
 t - a +1 sling of flaming
 B - a +1 heavy hand axe
 F - a +1 dagger of holy wrath
 H - a +0 hand axe of electrocution
Missiles
 i - 88 stones
 w - 3 boomerangs
 y - 4 large rocks
Magical Staves
 q - a staff of conjuration
Jewellery
 D - a +5 ring of evasion (left tentacle)
 E - a ring of protection from cold (right tentacle)
 J - a ring of wizardry (on tentacle)
Wands
 f - a wand of digging (3)
 u - a wand of flame (15)
 I - a wand of roots (12)
Scrolls
 b - 2 scrolls of fog
 h - a scroll of revelation
 j - 2 scrolls of amnesia {unknown}
 o - a scroll of brand weapon
 s - a scroll of enchant weapon
 z - 2 scrolls of noise
 G - 3 scrolls of immolation
 K - a scroll of teleportation {unknown}
Potions
 c - 2 potions of curing {unknown}
 d - a potion of attraction
 e - a potion of haste
 g - a potion of lignification
 n - a potion of resistance {unknown}
 p - a potion of enlightenment
 v - a potion of cancellation {unknown}
 x - 3 potions of magic {unknown}
 A - a potion of brilliance
 C - a potion of ambrosia


   Skills:
 - Level 3.0 Fighting
 - Level 2.0 Short Blades
 - Level 2.0 Dodging
 - Level 10.0 Stealth
 + Level 4.3 Spellcasting
 + Level 4.4 Necromancy


You had 12 spell levels left.
You knew the following spells:

 Your Spells              Type           Power      Damage    Failure   Level
a - Scorch                Fire           6%         2d5       12%         2

Your spell library contained the following spells:

 Spells                   Type           Power      Damage    Failure   Level
 Kiss of Death            Conj/Necr      36%        2d8       3%          1
 Dispel Undead            Necr           15%        3d10      12%         4
 Confusing Touch          Hex            3%         N/A       22%         3


Dungeon Overview and Level Annotations

Branches:
Dungeon (6/15)             Temple (1/1) D:4

Altars:
Ashenzari
Cheibriados
Dithmenos
Fedhas
Gozag
Hepliaklqana
Kikubaaqudgha
Makhleb
Nemelex Xobeh
Okawaru
Qazlal
Ru
Sif Muna
Trog
Uskayaw
Vehumet
Wu Jian
Xom
Yredelemnul

Shops:
D:5 :


Innate Abilities, Weirdness & Mutations

You cannot wear most types of armour.
You are amphibious.
You can wear up to eight rings at the same time.
Your skin changes colour to match your surroundings (Stealth+).
Your rubbery body absorbs attacks. (AC +1, EV +1)
((You are camouflaged when in or above water. (Stealth+)))
You have tentacles for arms and can constrict up to eight enemies at once.


Message History

Items here: )))) [[[.
You open the door.
There is an open door here.
Found 9 gold pieces.
You now have 265 gold pieces (gained 9).
There is an open door here.
Items here: )))) [[[.
There is an open door here.
There is an entrance to Irux's Self-Improvement Boutique here.
You hit the quokka.
The quokka writhes in agony.
You kill the quokka!
Vehumet accepts your kill.
Okay, then.
Casting: Scorch (safe; 12% risk of failure)
Confirm with . or Enter, or press ? or * to list all spells.
Okay, then.
You hit the jelly. The acid corrodes you!
Your tentacles burn!
You squeeze the jelly.
The jelly is moderately wounded.
The jelly hits you.
You are splashed with acid!
You hit the jelly.
The jelly writhes in agony.
Your tentacles burn!
The jelly is moderately wounded.
You hit the jelly. The acid corrodes you!
Your tentacles burn!
You tentacle-slap the jelly, but do no damage.
You squeeze the jelly, but do no damage.
The jelly is moderately wounded.
The jelly hits you.
You are splashed with acid!
You hit the jelly but do no damage.
The jelly writhes in agony.
The acid corrodes you!
Your tentacles burn!
The jelly is heavily wounded.
The jelly hits you.
You are splashed with acid!
* * * LOW HITPOINT WARNING * * *
You hit the jelly but do no damage.
The jelly writhes in agony.
Your tentacles burn!
* * * LOW HITPOINT WARNING * * *
The jelly is heavily wounded.
The jelly closely misses you.
You hit the jelly but do no damage.
The jelly writhes in agony.
Your tentacles burn!
You die...

*,,,,,* **,** ## *,...,*
###...# #.
*,...,*#####.....########.
*,,...*###.........###.##.
******,*,#.######........##....
*,,,,,,*,*......#.......##.....
*,..,*##.###....##.......##....
*,...,..........##......##.....
*,,..###.###..@.##.......##....
*,,,...#.#.....J#..>###.###....
*****#.#.#.######...##...#.....
#.....####.######.........
#.....###..######.##......
#.....###.........#.......
#.....####........######..
###.#####.......#..#.##...
#..####..<....##...##.##


You could see a jelly.

Vanquished Creatures
  A water moccasin (D:5)
  An ogre (D:5)
  2 scorpions (D:4)
  A howler monkey (D:5)
  2 hounds
  An orc priest (D:4)
  A jelly (D:5)
  2 iguanas (D:4)
  Jessica (D:2)
  An orc wizard (D:5)
  7 gnolls
  4 adders
  6 white imps (D:5)
  2 ufetubi (D:5)
  4 dart slugs
  12 orcs
  7 ball pythons
  4 endoplasms
  3 giant cockroaches
  6 hobgoblins
  4 jackals (D:1)
  2 quokkas
  6 bats
  A frilled lizard (D:3)
  9 goblins
  5 kobolds
  5 rats
100 creatures vanquished.

Notes
Turn   | Place    | Note
-------+----------+-------------------------------------------
     0 | D:5      | Azuregosa the Octopode Delver began the quest for the Orb.
     0 | D:5      | Reached XP level 1. HP: 16/16 MP: 1/1
    29 | D:5      | Noticed a jelly
    51 | D:4      | Noticed a scorpion
    55 | D:4      | Found a staircase to the Ecumenical Temple.
    61 | D:4      | Killed a scorpion
    62 | D:4      | Reached skill level 8 in Stealth
    62 | D:4      | Reached XP level 2. HP: 12/21 MP: 2/2
    62 | D:4      | Reached XP level 3. HP: 15/26 MP: 3/3
    62 | D:4      | Reached XP level 4. HP: 18/31 MP: 4/4
   138 | Temple   | Entered the Ecumenical Temple
   145 | Temple   | Became a worshipper of Vehumet
   154 | D:4      | Noticed a scorpion
   166 | D:4      | Reached skill level 9 in Stealth
   266 | D:2      | Noticed Jessica
   278 | D:2      | Killed Jessica
   279 | D:2      | Reached XP level 5. HP: 10/36 MP: 5/5
   853 | D:1      | Reached * piety under Vehumet
   853 | D:1      | Offered knowledge of Freeze by Vehumet.
  1157 | D:2      | HP: 1/36 [endoplasm (1)]
  1158 | D:2      | Reached skill level 1 in Spellcasting
  1724 | D:2      | Reached skill level 10 in Stealth
  2606 | D:3      | Found an opulent altar of Gozag.
  2607 | D:3      | Found a basalt altar of Yredelemnul.
  2608 | D:3      | Found a blossoming altar of Fedhas.
  2611 | D:3      | Reached skill level 1 in Necromancy
  2639 | D:3      | Found a snail-covered altar of Cheibriados.
  2758 | D:3      | Reached XP level 6. HP: 38/42 MP: 8/8
  2792 | D:3      | Found a faded altar of an unknown god.
  3515 | D:5      | Found Irux's Self-Improvement Boutique.
  3523 | D:5      | Found a hide-covered altar of Uskayaw.
  3524 | D:5      | Noticed a yak
  3594 | D:5      | Reached ** piety under Vehumet
  3595 | D:5      | Reached XP level 7. HP: 36/46 MP: 11/11
  3681 | D:5      | Offered knowledge of Scorch by Vehumet.
  3878 | D:5      | Learned a level 2 spell: Scorch
  3948 | D:5      | Found a basalt altar of Yredelemnul.
  4496 | D:5      | Splashed by a jelly's acid

Illustrated notes

Levels and vault maps discovered:
D:1:      dpeg_arrival_pond, layout_basic, corexii_corridor_pit
D:2:      layout_loops_cross, serial_forest, infiniplex_forest_corner_1,
          infiniplex_forest_clump_large, infiniplex_forest_lined_2,
          infiniplex_forest_end_3, grunt_ministairs_13, uniq_jessica
D:3:      layout_loops_corners, nicolae_overflow_quartered_altars,
          dilly_ecumenical_altar_fadedgnrine, minivault_4,
          guppyfry_early_lair_pool
D:4:      layout_cave_pools, minmay_temple_entry_tees, minmay_box_of_dots
D:5:      layout_cave_pools, serial_demonic, serial_demonic_b, serial_demonic_g,
          serial_demonic_d, serial_demonic_c, kennysheep_minor_cross,
          dk_noncrumbling_2, chequers_mini_garden, hangedman_feature_mirror,
          nrook_loot_triangle, minivault_1, nicolae_shop_self_help
D:6:      layout_loops_ring
Temple:   hellmonk_temple_of_storms

Skill      XL: |  1  2  3  4  5  6  7 |
---------------+----------------------+-----
Stealth        | 8 9 10 | 10.0
Spellcasting   | 1 2 4 |  4.3
Necromancy     | 1 2 4 |  4.4
Fighting       | |  3.0
Short Blades   | |  2.0
Dodging        | |  2.0

Action                     |  1- 3 |  4- 6 |  7- 9 || total
---------------------------+-------+-------+-------++-------
  Melee: Short sword       |     8 |    13 |       ||    21
         Constrict         |     2 |    26 |    14 ||    42
         Tentacles         |     1 |    24 |    19 ||    44
         Dagger            |       |   122 |    73 ||   195
         Punch             |       |     3 |     4 ||     7
    Use: Scroll            |     1 |     7 |     1 ||     9
         Potion            |       |     2 |       ||     2
   Stab: Sleeping          |     1 |    30 |     1 ||    32
 Armour: Skin              |     2 |    46 |    25 ||    73
  Dodge: Dodged            |     6 |    62 |    46 ||   114

Table legend: (Time is in decaauts)
 A = Elapsed time spent in this place.
 B = Non-inter-level travel time spent in this place.
 C = Inter-level travel time spent in this place.
 D = Time resting spent in this place.
 E = Time spent auto-exploring this place.
 F = Levels seen in this place.
 G = Mean time per level.
                   A        B        C        D        E       F      G
               +--------+--------+--------+--------+--------+-----+--------+
         Total |   4473 |   4415 |     58 |   1060 |   2048 |   7 |  639.0 |
       Dungeon |   4459 |   4401 |     58 |   1060 |   2048 |   6 |  743.2 |
        Temple |     14 |     14 |      0 |      0 |      0 |   1 |   14.0 |
               +--------+--------+--------+--------+--------+-----+--------+

Top non-repeatable levels by time:
     D:2: 1277 daAuts
     D:3: 1084 daAuts
     D:5: 991 daAuts
     D:1: 559 daAuts
     D:4: 527 daAuts
     D:6: 18 daAuts
  Temple: 14 daAuts
